AoeStats
← RensArmarium

Hideout

503441335Analyzed
2v2 RM · 1mo ago on Aug 31, 2026· 51m 27s· 4 players
Game mode
Random Map
Map size
Medium (4 player)
Population
200
Speed
Normal
Resources
Standard
Victory
Conquest
Starting age
Dark Age
Ending age
Imperial Age
RankedLock teamsTeams togetherTeam positionsShared explorationLock speedFull tech treeHidden civsTurbo modeCheats
Victory
Defeat
🇩🇪 Byzantines · Germany
1183
+14
🇩🇪 Khmer · Germany
1183
+14
🇳🇱 Malians · Netherlands
1196
-17
🇳🇱 Franks · Netherlands
1087
-12
RensArmarium
3:40 Loom
11:27 Feudal Age
15:17 Castle Age
15:10 Double-Bit Axe
15:20 Gold Mining
18:13 Pikeman
21:29 Gold Shaft Mining
22:39 Bow Saw
22:30 Stone Mining
24:21 Scale Barding Armor
24:27 Forging
26:18 Squires
27:38 Chain Barding Armor
28:51 Wheelbarrow
29:34 Husbandry
30:10 Padded Archer Armor
30:49 Iron Casting
32:33 Fletching
32:43 Padded Archer Armor
33:02 Scale Mail Armor
33:48 Hand Cart
34:13 Ballistics
39:45 Imperial Age
38:03 #83
40:04 Cavalier
42:03 Blast Furnace
40:56 Halberdier
43:28 Capped Ram
47:30 Conscription
48:35 Paladin
Sandervw7
8:23 Loom
10:09 Feudal Age
12:36 Man-at-Arms
18:40 Castle Age
17:40 Horse Collar
19:00 Long Swordsman
19:41 Scale Mail Armor
19:53 Forging
20:15 Double-Bit Axe
21:38 Chain Mail Armor
29:01 Town Watch
31:39 Wheelbarrow
36:53 Imperial Age
34:52 Bow Saw
37:35 Fletching
40:00 Bloodlines
39:51 Husbandry
39:17 Heavy Camel Rider
41:29 Scale Barding Armor
43:58 Chain Barding Armor
44:20 Gold Mining
45:26 Hand Cart
FrischluftFreak
7:33 Loom
10:43 Feudal Age
11:18 Double-Bit Axe
11:15 Horse Collar
14:12 Wheelbarrow
14:25 Forging
19:33 Castle Age
19:43 Fletching
21:27 Heavy Plow
21:43 Bow Saw
21:16 Crossbowman
21:54 Bodkin Arrow
22:18 Padded Archer Armor
22:58 Heavy Plow
27:23 Thumb Ring
27:37 Leather Archer Armor
27:51 Pikeman
28:32 Squires
28:56 Scale Barding Armor
30:10 Ballistics
31:37 Husbandry
34:15 Imperial Age
32:27 Chain Barding Armor
33:48 Iron Casting
34:34 Heavy Camel Rider
35:54 Plate Barding Armor
37:15 Bracer
39:30 Conscription
40:53 Crop Rotation
40:39 Pikeman
44:11 Squires
43:58 Gambesons
47:29 Scale Mail Armor
48:41 Halberdier
49:07 Arson
49:39 Chain Mail Armor
[xD].troYmaaan
10:31 Feudal Age
14:09 Castle Age
17:04 Double-Bit Axe
18:41 Loom
18:52 Horse Collar
20:26 Gold Mining
25:04 Bow Saw
27:48 Wheelbarrow
35:11 Imperial Age
35:11 Bloodlines
35:10 Heavy Plow
35:58 Scale Barding Armor
37:05 Double Crossbow
38:13 Conscription
42:58 Chain Barding Armor
43:42 Hand Cart
43:42 Forging
44:11 Husbandry
44:47 Pikeman
45:47 Elite Ballista Elephant
47:39 Halberdier
49:59 Crop Rotation
49:45 Caravan
Connection lost

Rejoining the realm…

Still unreachable

The connection could not be restored.

Session expired

The server has moved on; the page needs a fresh start.